 Dungeon Crawl Stone Soup version 0.20.1-1-g8b1a95d (webtiles) character file.

13043 equalderp2856 the Cleaver (level 11, -20/80 HPs)
             Began as a Mummy Fighter on Oct 25, 2017.
             Killed from afar by Harold (37 damage)
             ... with a bolt of fire
             ... on level 10 of the Dungeon.
             The game lasted 00:51:12 (22674 turns).

equalderp2856 the Cleaver (Mummy Fighter)          Turns: 22674, Time: 00:51:12

Health: -20/80     AC: 23    Str: 20    XL:     11   Next: 70%
Magic:  0/23       EV: 10    Int: 10    God:
Gold:   192        SH: 10    Dex: 12    Spells: 21/26 levels left

rFire    x . .     SeeInvis +   a - +0 war axe
rCold    + . .     Gourm    .   c - +0 shield
rNeg     + + +     Faith    .   A - +7 plate armour {ponderous}
rPois    ∞         Spirit   +   I - +0 helmet {SInv}
rElec    .         Reflect  .   (no cloak)
rCorr    .         Harm     .   (no gloves)
MR       ++...                  G - +2 pair of boots {Stlth+}
Stlth    ..........             n - amulet of guardian spirit
Regen    0.3/turn               j - ring of protection from magic
MPRegen  0.2/turn               l - +5 ring of evasion (curse)

@: slow
A: no food or potions, fire vulnerability, cold resistance 1, negative energy
resistance 3, torment resistance, unbreathing
a: no special abilities


You were on level 10 of the Dungeon.
You were not hungry.

You visited 1 branch of the dungeon, and saw 11 of its levels.

You collected 645 gold pieces.
You spent 453 gold pieces at shops.

Inventory:

Hand Weapons
 a - a +0 war axe (weapon)
 h - a +0 trident
Armour
 b - a +0 scale mail
 c - a +0 shield (worn)
 x - a +0 chain mail
 z - a +1 chain mail of cold resistance
 A - a +7 plate armour of ponderousness (worn)
 G - a +2 pair of boots of stealth (worn)
 H - the -2 pair of gloves of the Elephant {Str+4}
   (You bought it in a shop on level 10 of the Dungeon)

   It affects your strength (+4).
 I - a +0 helmet of see invisible (worn)
Jewellery
 d - an uncursed amulet of magic regeneration
 j - a ring of protection from magic (left hand)
 k - an uncursed ring of resist corrosion
 l - a cursed +5 ring of evasion (right hand)
 n - an amulet of guardian spirit (around neck)
 B - an uncursed ring of protection from cold
 D - an uncursed ring of protection from cold
 K - an uncursed ring of positive energy {unknown}
Wands
 v - a wand of confusion (18/48)
 y - a wand of polymorph (12/24)
 J - a wand of flame (33/48)
Scrolls
 e - 4 scrolls of remove curse
 f - a scroll of teleportation
 g - a scroll of enchant armour
 i - a scroll of blinking
 m - a scroll of magic mapping
 o - a scroll of recharging {unknown}
 p - 2 scrolls of enchant weapon
 s - 3 scrolls of noise
 t - a scroll of amnesia {unknown}
 w - a scroll of fear {unknown}
 C - 5 scrolls of identify
 E - 2 scrolls of immolation {unknown}
Books
 q - a book of Minor Magic

   Spells                             Type                      Level
   a - Magic Dart                     Conjuration                  1
   b - Blink                          Translocation                2
   c - Call Imp                       Summoning                    2
   d - Slow                           Hexes                        2
   e - Conjure Flame                  Conjuration/Fire             3
   f - Mephitic Cloud                 Conjuration/Poison/Air       3
 r - a book of Necromancy

   Spells                             Type                      Level
   a - Pain                           Necromancy                   1
   b - Animate Skeleton               Necromancy                   1
   c - Vampiric Draining              Necromancy                   3
   d - Regeneration                   Charms/Necromancy            3
   e - Animate Dead                   Necromancy                   4
   f - Control Undead                 Necromancy                   4
 u - a book of Cantrips

   Spells                             Type                      Level
   a - Confusing Touch                Hexes                        1
   b - Animate Skeleton               Necromancy                   1
   c - Summon Small Mammal            Summoning                    1
   d - Apportation                    Translocation                1
 F - a book of Conjurations

   Spells                             Type                      Level
   a - Magic Dart                     Conjuration                  1
   b - Searing Ray                    Conjuration                  2
   c - Dazzling Spray                 Conjuration/Hexes            3
   d - Fulminant Prism                Conjuration/Hexes            4
   e - Force Lance                    Conjuration/Translocation    4
   f - Iskenderun's Mystic Blast      Conjuration                  4


   Skills:
 + Level 5.3 Fighting
 * Level 10.1 Axes
 + Level 0.5(6.3) Polearms
 + Level 5.4 Armour
 + Level 2.5 Dodging
 + Level 0.5 Stealth
 + Level 5.8 Shields
 * Level 8.4 Spellcasting
 * Level 5.7 Necromancy
 * Level 4.3 Translocations


You had 21 spell levels left.
You knew the following spells:

 Your Spells              Type           Power        Failure   Level  Hunger
a - Animate Skeleton      Necr           N/A          77%         1    N/A
b - Blink                 Tloc           N/A          98%         2    N/A
c - Pain                  Necr           ###.         77%         1    N/A
d - Magic Dart            Conj           #...         100%        1    N/A

Dungeon Overview and Level Annotations

Branches:
Dungeon (11/15)            Temple (0/1) D:6            Lair (0/6) D:10
    Orc (0/2) D:9

Altars:
Ashenzari
Elyvilon
Fedhas
Kikubaaqudgha
Nemelex Xobeh
Okawaru
Qazlal
Ru
Sif Muna
Xom
Yredelemnul
Zin
The Shining One

Shops:
D:6 ?   D:8 :   D:9 (   D:10 =!*[

Annotations:
D:8 Gastronok
D:10 Harold


Innate Abilities, Weirdness & Mutations

You do not eat or drink.
Your flesh is vulnerable to fire.
You are immune to poison.
Your flesh is cold resistant. (rC+)
You are immune to negative energy. (rN+++)
You are immune to unholy pain and torment.
You can survive without breathing.


Message History

Harold casts a spell at you. The bolt of fire misses you.
You hit Harold but do no damage.
Harold is severely wounded.
Harold hits you but does no damage.
You slash Harold!
Harold is almost dead.
Harold hits you with a short sword.
* * * LOW HITPOINT WARNING * * *
You hit Harold but do no damage.
Harold is almost dead.
Harold closely misses you.
You completely miss Harold.
Harold is almost dead.
You block Harold's attack.
You hit Harold.
Harold is almost dead.
Harold gestures at you while chanting. The bolt of fire hits you!
The fire burns you terribly!
You die...

#.#.# #.#.####...#.# #.#.#
#.#.# #####.# #.#.# #.#.# #.#
....#########.#.# #.#
#.............#%# #.#
#...###########.########.####
...............>............#
#.###########.#...######.##.#
............#.#@@.# #.##.#
.######.....#.#...# #.##.#
........<...#.###.######.##.#
.######.....#.# #.#......##.#
..............###)#.#######.#
....................#######.#
..........................#.#
...(.....##.........#####.#.#
...................[........#


You could see Harold.

Vanquished Creatures
  A hydra (D:9)
  The ghost of lorenzova the Thaumaturge, a novice DECj of Sif Muna (D:9)
  4 trolls
  Grinder (D:3)
  2 dream sheep (D:9)
  A wraith (D:10)
  Eustachio (D:7)
  19 yaks
  Grum (D:10)
  A hungry ghost (D:9)
  A water moccasin (D:7)
  4 sky beasts
  3 orc warriors
  4 ice beasts
  2 black bears
  3 phantoms
  9 ogres
  4 wolves (D:9)
  A crocodile (D:9)
  4 centaurs
  10 bullfrogs
  7 big kobolds
  2 gnoll sergeants (D:7)
  A wyvern skeleton (D:10)
  3 scorpions
  A water moccasin skeleton (D:7)
  6 killer bees
  4 howler monkeys
  A centaur zombie (D:9)
  7 crimson imps
  A gnoll shaman (D:10)
  8 hounds
  7 orc priests
  4 jellies
  A centaur skeleton (D:8)
  A bullfrog skeleton (D:3)
  5 iguanas
  Terence (D:3)
  13 worker ants
  10 orc wizards
  3 hound zombies
  2 hound skeletons
  19 adders
  13 gnolls
  4 shadow imps
  3 adder zombies
  2 adder skeletons
  2 worms (D:3)
  4 dart slugs
  4 leopard geckos
  49 orcs
  4 giant cockroaches
  12 goblins
  5 hobgoblins
  20 jackals
  5 quokkas
  5 ball pythons
  9 bats
  8 frilled lizards
  27 kobolds
  A quokka skeleton (D:5)
  A quokka zombie (D:7)
  6 rats
368 creatures vanquished.

Vanquished Creatures (collateral kills)
  A worker ant (D:9)
1 creature vanquished.

Vanquished Creatures (others)
  A human (D:8)
  An adder (D:6)
  20 fungi
  28 plants
50 creatures vanquished.

Grand Total: 419 creatures vanquished

Notes
Turn   | Place    | Note
-------+----------+-------------------------------------------
     0 | D:1      | equalderp2856 the Mummy Fighter began the quest for the Orb.
     0 | D:1      | Reached XP level 1. HP: 18/18 MP: 1/1
   244 | D:1      | Reached XP level 2. HP: 16/24 MP: 2/2
   992 | D:2      | Reached XP level 3. HP: 17/29 MP: 2/4
  1060 | D:2      | Reached skill level 1 in Spellcasting
  1096 | D:2      | Found an iron altar of Okawaru.
  1105 | D:2      | Reached skill level 2 in Axes
  1239 | D:2      | Found a shattered altar of Ashenzari.
  1243 | D:2      | Saw a vision of the Swamp and the Snake Pit.
  1243 | D:2      | Noticed a naga sharpshooter
  1243 | D:2      | Noticed a black mamba
  1243 | D:2      | Noticed an alligator
  1243 | D:2      | Noticed a naga
  1243 | D:2      | Noticed a black mamba
  1243 | D:2      | Noticed a water moccasin
  1243 | D:2      | Noticed a naga
  1244 | D:2      | Noticed a swamp drake
  1245 | D:2      | Noticed a naga
  1359 | D:2      | Reached XP level 4. HP: 35/35 MP: 5/5
  1839 | D:3      | Noticed Grinder
  1853 | D:3      | Killed Grinder
  1853 | D:3      | Reached skill level 3 in Axes
  1853 | D:3      | Reached skill level 1 in Dodging
  1853 | D:3      | Reached XP level 5. HP: 16/41 MP: 6/9
  1853 | D:3      | Reached XP level 6. HP: 18/47 MP: 6/10
  2340 | D:3      | Found a white marble altar of Elyvilon.
  2805 | D:3      | Noticed Terence
  2821 | D:3      | Reached skill level 4 in Axes
  2828 | D:3      | Killed Terence
  3100 | D:4      | Found a stormy altar of Qazlal.
  3134 | D:4      | Found a sacrificial altar of Ru.
  3137 | D:4      | Found a glowing golden altar of the Shining One.
  3325 | D:4      | Found a basalt altar of Yredelemnul.
  4107 | D:4      | Reached XP level 7. HP: 49/52 MP: 12/12
  4550 | D:5      | Entered Level 5 of the Dungeon
  4703 | D:5      | Reached skill level 5 in Axes
  5700 | D:5      | Reached XP level 8. HP: 52/58 MP: 12/14
  5836 | D:5      | Learned a level 1 spell: Animate Skeleton
  5839 | D:5      | Learned a level 2 spell: Blink
  5841 | D:5      | Learned a level 1 spell: Pain
  5843 | D:5      | Learned a level 1 spell: Magic Dart
  5857 | D:5      | Found a stormy altar of Qazlal.
  6431 | D:6      | Found a staircase to the Ecumenical Temple.
  6564 | D:6      | Found a white marble altar of Elyvilon.
  6566 | D:6      | Found an opulent altar of Gozag.
  6566 | D:6      | Found a glowing golden altar of the Shining One.
  6568 | D:6      | Found a hide-covered altar of Uskayaw.
  6568 | D:6      | Found a shimmering altar of Xom.
  6568 | D:6      | Found a stormy altar of Qazlal.
  6988 | D:6      | Found Kunasm's Magic Scroll Boutique.
  6993 | D:6      | Bought a scroll of teleportation for 36 gold pieces
  6993 | D:6      | Bought a scroll of fog for 24 gold pieces
  7013 | D:6      | Reached skill level 6 in Axes
  7273 | D:6      | Reached skill level 1 in Necromancy
  7273 | D:6      | Reached skill level 1 in Translocations
  7551 | D:6      | Reached skill level 5 in Spellcasting
  8633 | D:7      | Reached XP level 9. HP: 53/65 MP: 13/17
  9766 | D:7      | Reached skill level 7 in Axes
 10074 | D:8      | Found Qytoc's Book Boutique.
 10173 | D:8      | Noticed a two-headed ogre
 10176 | D:8      | Noticed a two-headed ogre
 10308 | D:8      | Found an ancient bone altar of Kikubaaqudgha.
 11421 | D:8      | Noticed Gastronok
 11512 | D:8      | Noticed Eustachio
 11545 | D:7      | Killed Eustachio
 13369 | D:8      | HP: 3/66 [Gastronok/the air (22)]
 13383 | D:7      | HP: 3/66 [water moccasin skeleton (3)]
 13390 | D:7      | Reached XP level 10. HP: 4/73 MP: 2/19
 13779 | D:8      | Reached skill level 8 in Axes
 14202 | D:9      | Found a glowing silver altar of Zin.
 14586 | D:9      | Found a staircase to the Orcish Mines.
 14586 | D:9      | Found Raorrac's Weapon Boutique.
 15321 | D:9      | Noticed a fire crab
 15632 | D:9      | Reached skill level 5 in Shields
 17844 | D:9      | Noticed lorenzova's ghost (novice DECj)
 17913 | D:9      | Killed lorenzova's ghost
 17913 | D:9      | Reached skill level 5 in Armour
 18080 | D:9      | Found a deep blue altar of Sif Muna.
 18141 | D:9      | Found a blossoming altar of Fedhas.
 18154 | D:9      | Reached skill level 9 in Axes
 18256 | D:9      | Found a sparkling altar of Nemelex Xobeh.
 18313 | D:9      | Noticed a two-headed hydra
 18330 | D:9      | Killed a two-headed hydra
 18330 | D:9      | Reached skill level 5 in Fighting
 18481 | D:10     | Entered Level 10 of the Dungeon
 18491 | D:9      | Reached XP level 11. HP: 75/79 MP: 20/22
 19004 | D:10     | Reached skill level 5 in Necromancy
 19042 | D:10     | Noticed Harold
 19559 | D:10     | Found Notaon's Antique Armour Emporium.
 19564 | D:10     | Bought a pair of embroidered boots for 112 gold pieces
 19595 | D:10     | Bought a pair of translucent gloves for 142 gold pieces
 19595 | D:10     | Identified the -2 pair of gloves of the Elephant {Str+4} (You bought it in a shop on level 10 of the Dungeon)
 19596 | D:10     | Bought a shiny helmet for 112 gold pieces
 19853 | D:10     | Found Ykan Logg's Assorted Antiques.
 19856 | D:10     | Bought a scroll labeled SUVAIMENA for 27 gold pieces
 20466 | D:10     | Noticed Grum
 20654 | D:10     | Killed Grum
 20933 | D:10     | Found Gonef's Distillery.
 20937 | D:10     | Found Ybbienn's Jewellery Shoppe.
 21202 | D:10     | Found a staircase to the Lair.
 21707 | D:10     | Reached skill level 10 in Axes
 22674 | D:10     | Killed from afar by Harold

Skill      XL: |  1  2  3  4  5  6  7  8  9 10 11 |
---------------+----------------------------------+-----
Spellcasting   | 1 2 3 4 5 6 7 8 |  8.4
Axes           | 2 3 4 5 6 7 9 10 | 10.1
Dodging        | 1 2 |  2.5
Armour         | 3 4 5 |  5.4
Shields        | 3 4 5 |  5.8
Necromancy     | 2 3 4 5 |  5.7
Translocations | 1 2 3 4 |  4.3
Fighting       | 4 5 |  5.3
Polearms       | |  0.5
Stealth        | |  0.5

Action                   |  1- 3 |  4- 6 |  7- 9 | 10-12 || total
-------------------------+-------+-------+-------+-------++-------
Melee: War axe           |   134 |   184 |   978 |   829 ||  2125
       Trident           |       |       |       |    27 ||    27
 Cast: Animate Skeleton  |       |       |       |     2 ||     2
Evoke: Wand              |       |       |     2 |       ||     2
  Use: Scroll            |       |       |     8 |     6 ||    14
Armor: Scale mail        |    73 |    61 |    62 |       ||   196
       Chain mail        |       |       |   265 |   232 ||   497
       Plate armour      |       |       |    17 |   126 ||   143
Dodge: Dodged            |    56 |   105 |   502 |   444 ||  1107
Block: Shield            |    67 |    98 |   546 |   523 ||  1234
